 Dungeon Crawl Stone Soup version 0.21.1-1-g345015f (webtiles) character file.

84 sking99 the Poker (level 4, -4/37 HPs)
             Began as a Demonspawn Monk on June 30, 2018.
             Slain by Crazy Yiuf
             ... wielding a +4 quarterstaff of chaos
              (9 damage)
             ... on level 2 of the Dungeon.
             The game lasted 00:04:53 (2404 turns).

sking99 the Poker (Demonspawn Monk)                 Turns: 2404, Time: 00:04:54

Health: -4/37      AC: 12    Str: 12    XL:     4   Next: 23%
Magic:  4/4        EV: 11    Int: 11    God:
Gold:   65         SH:  0    Dex: 16    Spells: 3/3 levels left

rFire    . . .     SeeInvis .   a - +0 spear
rCold    . . .     Gourm    .   (no shield)
rNeg     . . .     Faith    .   q - +0 ring mail
rPois    .         Spirit   .   (helmet restricted)
rElec    .         Reflect  .   (no cloak)
rCorr    .         Harm     .   p - +0 pair of gloves
MR       .....                  (no boots)
Stlth    +.........             (no amulet)
HPRegen  0.12/turn              (no ring)
MPRegen  0.09/turn              (no ring)

@: sanguine armour, very slightly contaminated, hasted, invisible, very quick
A: horns 1, sanguine armour 1
a: no special abilities


You were on level 2 of the Dungeon.
You were hungry.

You visited 1 branch of the dungeon, and saw 2 of its levels.

You collected 65 gold pieces.

Inventory:

Hand Weapons
 a - a +0 spear (weapon)
Armour
 b - a +0 robe
 j - a +0 leather armour
 p - a +0 pair of gloves (worn)
 q - a +0 ring mail (worn)
Jewellery
 o - an uncursed ring of resist corrosion {unknown}
 s - a cursed -2 ring of evasion {unknown}
Wands
 t - a wand of disintegration (17)
Scrolls
 e - 2 scrolls of remove curse {unknown}
 f - 2 scrolls of amnesia {unknown}
 g - a scroll of identify {unknown}
 h - a scroll of enchant armour {unknown}
 i - a scroll of enchant weapon {unknown}
 k - a scroll of blinking {unknown}
 l - a scroll of teleportation {unknown}
 r - a scroll of immolation {unknown}
Potions
 d - a potion of agility {unknown}
 m - a potion of brilliance {unknown}
 n - 2 potions of heal wounds {unknown}
Comestibles
 c - 5 rations


   Skills:
 + Level 3.7 Fighting
 * Level 4.1 Polearms
 - Level 2.6 Dodging
 - Level 1.7 Stealth


You had 3 spell levels left.
You didn't know any spells.

Dungeon Overview and Level Annotations

Branches:
Dungeon (2/15)

Altars:
Elyvilon

Annotations:
D:2 Crazy Yiuf


Innate Abilities, Weirdness & Mutations

You have a pair of small horns on your head.
When seriously injured, your bleeding wounds create armour. (AC +6)


Message History

Crazy Yiuf is moderately wounded.
You hit Crazy Yiuf.
Crazy Yiuf is heavily wounded.
Crazy Yiuf hits you but does no damage.
You fade into invisibility!
You are very lightly contaminated with residual magic.
You hit Crazy Yiuf but do no damage.
Crazy Yiuf is heavily wounded.
You catch the helpless Crazy Yiuf completely off-guard!
You hit Crazy Yiuf. You headbutt Crazy Yiuf.
Crazy Yiuf is severely wounded.
Crazy Yiuf barely misses you.
You hit Crazy Yiuf but do no damage.
Crazy Yiuf is severely wounded.
You hit Crazy Yiuf.
Crazy Yiuf is almost dead.
Crazy Yiuf hits you with a quarterstaff of chaos.
* * * LOW HITPOINT WARNING * * *
You are electrocuted!
You die...

.........#.#
♣...♣♣ #.##
###.######.#
♣♣.♣♣ #...
#.# #.# ♣.♣♣
#### #.# #.#
♣♣.♣ #.# #.#
♣.♣♣ ### #÷#
#.# ♣♣.♣ #.#
#÷# ###
##'##
#.##########
#.# #.g.#
#...........
#.########
#.@.#
#.##########
#........#
#..)# #.#
##########
##### ###


You could see Crazy Yiuf.

Vanquished Creatures
  4 gnolls (D:2)
  An adder (D:2)
  2 dart slugs (D:1)
  A ball python (D:2)
  4 bats (D:1)
  2 giant cockroaches (D:1)
  6 goblins
  3 hobgoblins
  3 kobolds
  7 rats
33 creatures vanquished.

Notes
Turn   | Place    | Note
-------+----------+-------------------------------------------
     0 | D:1      | sking99 the Demonspawn Monk began the quest for the Orb.
     0 | D:1      | Reached XP level 1. HP: 18/18 MP: 1/1
   449 | D:1      | Reached skill level 3 in Polearms
   474 | D:1      | Gained mutation: When seriously injured, your bleeding wounds create armour. (AC +6) [demonic ancestry]
   474 | D:1      | Reached XP level 2. HP: 23/24 MP: 2/2
  1358 | D:2      | Found a white marble altar of Elyvilon.
  1386 | D:2      | Reached XP level 3. HP: 29/29 MP: 3/3
  1915 | D:2      | Reached skill level 4 in Polearms
  1915 | D:2      | Gained mutation: You have a pair of small horns on your head. [demonic ancestry]
  1915 | D:2      | Reached XP level 4. HP: 22/37 MP: 4/4
  2140 | D:2      | Found a runed door.
  2387 | D:2      | Noticed Crazy Yiuf
  2404 | D:2      | Slain by Crazy Yiuf

Skill      XL: |  1  2  3 |
---------------+----------+-----
Polearms       | 3 4 |  4.1
Fighting       | |  3.7
Dodging        | |  2.6
Stealth        | |  1.7

Action                   |  1- 3 |  4- 6 || total
-------------------------+-------+-------++-------
Melee: Spear             |   148 |    24 ||   172
       Headbutt          |       |     3 ||     3
 Stab: Sleeping          |     4 |     1 ||     5
       Invisible         |       |     1 ||     1
  Eat: Chunk             |     3 |     1 ||     4
Armor: Leather armour    |    27 |       ||    27
       Ring mail         |    14 |     3 ||    17
Dodge: Dodged            |    69 |     5 ||    74
